 Dungeon Crawl Stone Soup version 0.31-a0-691-g409c26aa35 (webtiles) character file.

Game seed: 2141941246592030246

270 oldmanjim the Ruffian (level 6, 0/48 (52) HPs)
             Began as a Draconian Shapeshifter on Sept 6, 2023.
             Was a Priest of Elyvilon.
             Slain by a wight
             ... wielding a +4 long sword
              (2 damage)
             ... on level 3 of the Dungeon.
             The game lasted 00:06:32 (2851 turns).

oldmanjim the Ruffian (Draconian Shapeshifter)      Turns: 2851, Time: 00:06:33

HP:   0/48 (52)     AC:  6    Str: 19    XL:     6   Next: 1%
MP:   6/6           EV: 12    Int: 10    God:    Elyvilon [***...]
Gold: 105           SH:  0    Dex: 10    Spells: 5/5 levels left

rFire   . .          .
                       - Unarmed
rCold   . . .        (no shield)
rNeg    . . .        (body armour unavailable)
rPois   .            (helmet currently unavailable)
rElec   .            (cloak currently unavailable)
rCorr   .            (gloves currently unavailable)
SInv    .            (boots currently unavailable)
Will    .....        (no amulet)
Stlth   +            (no ring)
HPRegen 0.28/turn    (no ring)
MPRegen 0.10/turn

%: no passive effects
@: beast-form, drained
A: beast (slay +2), AC +6, unfitting armour, cold-blooded
a: Begin Untransformation, Renounce Religion, Purification, Heal Other, Heal
Self


You were on level 3 of the Dungeon.
You worshipped Elyvilon.
Elyvilon was most pleased with you.
You were a hulking beast.
You visited 1 branch of the dungeon, and saw 3 of its levels.

You collected 105 gold pieces.

Inventory:

Hand Weapons
 q - a +1 whip of flaming
Missiles
 d - 27 stones
 n - 6 boomerangs
Armour
 j - a +0 tower shield
Magical Staves
 m - a staff of fire
Talismans
 b - a beast talisman (active)
 c - a flux talisman
Scrolls
 e - a scroll of teleportation {unknown}
 f - 2 scrolls of noise
 g - a scroll of identify {unknown}
 h - a scroll of enchant weapon {unknown}
 i - 2 scrolls of enchant armour {unknown}
 k - a scroll of blinking {unknown}
 l - a scroll of amnesia {unknown}
 o - a scroll of fog {unknown}
Potions
 a - 2 potions of lignification
 p - a potion of berserk rage {unknown}


   Skills:
 + Level 3.9 Fighting
 - Level 1.7 Dodging
 + Level 4.5 Unarmed Combat
 + Level 4.3 Shapeshifting


You had 5 spell levels left.
You didn't know any spells.
Your spell library contained the following spells:

 Spells                   Type           Power      Damage    Failure   Level
 Gell's Gravitas          Tloc           0%         N/A       75%         3
 Teleport Other           Tloc           0%         N/A       75%         3
 Dispersal                Tloc           0%         N/A       100%        6


Dungeon Overview and Level Annotations

Branches:
Dungeon (3/15)

Altars:
Elyvilon
Gozag

Annotations:
D:3 3 runed translucent doors, exclusion: 3 doors, Strat's ghost, amateur BaMo


Innate Abilities, Weirdness & Mutations

You are a hulking beast.
Your limbs bulge with bestial killing power. (Slay +2)
Your plain brown scales are hard. (AC +6)
You cannot fit into any form of body armour.
You are cold-blooded and may be slowed by cold attacks.


Message History

You hit the wight.
The wight is moderately damaged.
The wight closely misses you.
The wight hits you with a +4 dire flail!
You feel drained.
You closely miss the wight.
The wight is lightly damaged.
The wight closely misses you.
The wight hits you with a +4 dire flail.
You hit the wight but do no damage.
The wight is lightly damaged.
The wight misses you.
The wight hits you with a +4 dire flail!
* * * LOW HITPOINT WARNING * * *
You hit the wight.
The wight is moderately damaged.
The wight closely misses you. The wight completely misses you.
You punch the wight!
The wight is almost destroyed.
The wight hits you from afar with a +0 trident.
* * * LOW HITPOINT WARNING * * *
The wight hits you with a +4 dire flail!
Elyvilon protects you from harm!
You hit the wight.
You destroy the wight!
The wight closely misses you.
Your life force feels restored.
You have reached level 6!
Your scales feel tougher.
The wight attacks as it pursues you!
The wight hits you with a +4 long sword!
Elyvilon protects you from harm!
You feel drained.
* * * LOW HITPOINT WARNING * * *
You hit the wight but do no damage.
You tail-slap the wight, but do no damage.
The wight hits you with a +4 long sword!
* * * LOW HITPOINT WARNING * * *
You feel drained.
You die...

## .. ######## #.
#......# #.
#.####.#### ##.#####
##.# #.....#
#..zzh.###..###..##.#
#..###.##...........#
#.. #.#.....##..#..#
#z. #...........#..#
..z #####.#........#
##.# #.########.##
##.. #. #.# ###....
...... ##+## #......
... ##...## #.#..##


You could see 2 wights.

Vanquished Creatures
  3 wights (D:3)
  4 adders
  A worm (D:2)
  2 dart slugs (D:1)
  10 ball pythons
  7 bats
  6 endoplasms
  3 giant cockroaches
  7 goblins
  7 hobgoblins
  3 jackals (D:1)
  3 kobolds
  2 quokkas
  6 frilled lizards
  6 rats
70 creatures vanquished.

Notes
Turn   | Place    | Note
-------+----------+-------------------------------------------
     0 | D:1      | oldmanjim the Draconian Shapeshifter began the quest for
                  | the Orb.
     0 | D:1      | Reached XP level 1. HP: 16/16 MP: 1/1
    46 | D:1      | Reached XP level 2. HP: 23/23 MP: 2/2
   140 | D:1      | Found a faded altar of an unknown god.
   148 | D:1      | Prayed at the altar of an unknown god.
   148 | D:1      | Became a worshipper of Elyvilon the Healer
   148 | D:1      | Reached * piety under Elyvilon
   337 | D:1      | Reached ** piety under Elyvilon
   340 | D:1      | Reached XP level 3. HP: 29/29 MP: 3/3
  1431 | D:2      | Reached XP level 4. HP: 36/37 MP: 4/4
  1617 | D:2      | Reached *** piety under Elyvilon
  2651 | D:3      | Found a runed translucent gate.
  2651 | D:3      | Found a runed translucent gate.
  2651 | D:3      | Found a runed translucent gate.
  2653 | D:3      | Found an opulent altar of Gozag.
  2653 | D:3      | Noticed Strat's ghost (amateur BaMo)
  2653 | D:3      | Noticed a centaur
  2789 | D:3      | Reached XP level 5. HP: 31/45 MP: 5/5
  2848 | D:3      | Elyvilon protects you from harm!
  2850 | D:3      | Reached XP level 6. HP: 9/52 MP: 6/6
  2850 | D:3      | Elyvilon protects you from harm!
  2851 | D:3      | HP: 2/50 [wight/+4 long sword (7)]
  2851 | D:3      | Slain by a wight

Illustrated notes

Levels and vault maps discovered:
D:1:      tarquinn_simple_flora_water_e, layout_basic,
          ebering_ecumenical_altar_abandoned
D:2:      layout_basic, serial_bayou_pond_d
D:3:      layout_loops_corners, ebering_ghost_gozag

Skill      XL: |  1  2  3  4 |
---------------+-------------+-----
Fighting       | 2 3 |  3.9
Unarmed Combat | 4 |  4.5
Shapeshifting  | 4 |  4.3
Dodging        | |  1.7

Action                     |  1- 3 |  4- 6 || total
---------------------------+-------+-------++-------
  Melee: Unarmed           |   121 |    70 ||   191
         Tailslap          |     9 |     7 ||    16
         Punch             |     2 |       ||     2
    Use: Scroll            |       |     1 ||     1
   Stab: Sleeping          |     1 |       ||     1
 Armour: Skin              |    48 |    33 ||    81
  Dodge: Dodged            |    59 |    35 ||    94

Table legend: (Time is in decaauts)
 A = Elapsed time spent in this place.
 B = Non-inter-level travel time spent in this place.
 C = Inter-level travel time spent in this place.
 D = Time resting spent in this place.
 E = Time spent auto-exploring this place.
 F = Levels seen in this place.
 G = Mean time per level.
                   A        B        C        D        E       F      G
               +--------+--------+--------+--------+--------+-----+--------+
         Total |   2841 |   2748 |     93 |      0 |   2320 |   3 |  947.0 |
       Dungeon |   2841 |   2748 |     93 |      0 |   2320 |   3 |  947.0 |
               +--------+--------+--------+--------+--------+-----+--------+

Top non-repeatable levels by time:
     D:2: 1093 daAuts
     D:3: 894 daAuts
     D:1: 853 daAuts
